 Dungeon Crawl Stone Soup version 0.19.1 (webtiles) character file.

5795 StormySan the Thaumaturge (level 10, 0/53 HPs)
             Began as a Deep Elf Wizard on Dec 11, 2016.
             Was an Elder of Vehumet.
             Killed from afar by an orc sorcerer (28 damage)
             ... with a bolt of negative energy
             ... in a bailey.
             The game lasted 00:49:17 (11338 turns).

StormySan the Thaumaturge (Deep Elf Wizard)        Turns: 11338, Time: 00:49:18

Health: 0/53       AC: 11    Str:  3 (4)  XL:     10   Next: 50%
Magic:  11/29      EV: 11    Int: 27      God:    Vehumet [****..]
Gold:   379        SH:  0    Dex: 13      Spells: 8 memorised, 15 levels left

rFire  . . .     SeeInvis .     w - +5 quarterstaff (chaos)
rCold  . . .     Gourm    .     L - +0 robe (curse)
rNeg   . . .     Faith    .     (shield currently unavailable)
rPois  .         Spirit   .     H - +2 hat
rElec  .         Reflect  .     C - +0 cloak
rCorr  .         Harm     .     v - +0 pair of gloves
MR     +....                    m - +1 pair of boots
Stlth  +.........               u - amulet of regeneration
                                (no ring)
                                b - +4 ring of slaying

@: very slightly contaminated, very heavily drained
A: molten scales 1, rugged brown scales 1, deterioration 1, slow regeneration 1
a: Renounce Religion


You were in a bailey.
You worshipped Vehumet.
Vehumet was greatly pleased with you.
You were very full.

You visited 2 branches of the dungeon, and saw 11 of its levels.
You also visited: Bailey.

You collected 379 gold pieces.

Inventory:

Hand Weapons
 g - a +4 spear
 r - a +2 short sword of draining
 w - a +5 quarterstaff of chaos (weapon)
 B - a cursed -1 dagger
Armour
 l - a +0 robe
 m - a +1 pair of boots (worn)
 v - a +0 pair of gloves (worn)
 C - a +0 cloak (worn)
 H - a +2 hat (worn)
 L - a cursed +0 robe (worn)
Jewellery
 b - a +4 ring of slaying (left hand)
 u - an amulet of regeneration (around neck)
Wands
 f - a wand of paralysis (8/24)
 k - a wand of acid (6/15)
 y - a wand of flame (24/48)
 I - a wand of hasting (7/9)
 K - a wand of slowing (21/48)
Scrolls
 a - a scroll of amnesia
 e - 2 scrolls of magic mapping
 h - 6 scrolls of identify
 i - a scroll of enchant armour
 o - 2 scrolls of enchant weapon
 q - 3 scrolls of teleportation
Potions
 d - a potion of curing
 n - a potion of heal wounds {unknown}
 p - 2 potions of lignification
 t - a potion of ambrosia {unknown}
 x - a potion of cancellation
 A - a potion of mutation {unknown}
 E - a potion of agility
 F - a potion of haste {unknown}
 G - a potion of beneficial mutation {unknown}
Books
 c - a book of Minor Magic

   Spells                             Type                      Level
   a - Magic Dart                     Conjuration                  1
   b - Blink                          Translocation                2
   c - Call Imp                       Summoning                    2
   d - Repel Missiles                 Charms/Air                   2
   e - Slow                           Hexes                        2
   f - Conjure Flame                  Conjuration/Fire             3
   g - Mephitic Cloud                 Conjuration/Poison/Air       3
Comestibles
 s - a meat ration
 z - 5 bread rations


   Skills:
 + Level 1.2(0.0) Fighting
 + Level 0.5(0.0) Polearms
 + Level 2.1(0.0) Staves
 + Level 5.0(0.0) Dodging
 + Level 4.8(0.0) Stealth
 + Level 0.1(0.0) Unarmed Combat
 + Level 13.3(7.0) Spellcasting
 + Level 9.0(3.3) Conjurations
 + Level 1.1(0.0) Summonings
 + Level 1.1(0.0) Translocations
 + Level 6.2(0.9) Fire Magic
 + Level 2.3(0.0) Air Magic
 + Level 2.1(0.0) Poison Magic


You had 15 spell levels left.
You knew the following spells:

 Your Spells              Type           Power        Failure   Level  Hunger
a - Magic Dart            Conj           ####         1%          1    None
b - Mephitic Cloud        Conj/Pois/Air  ###.....     4%          3    None
c - Conjure Flame         Conj/Fire      ###.....     2%          3    None
d - Call Imp              Summ           #.......     12%         2    None
e - Blink                 Tloc           N/A          12%         2    None
f - Throw Flame           Conj/Fire      ###...       1%          2    None
g - Inner Flame           Hex/Fire       ##......     4%          3    None
h - Olgreb's Toxic Radia  Pois           #.......     24%         4    ##.....


Dungeon Overview and Level Annotations

Branches:
Dungeon (10/15)            Temple (1/1) D:4            Lair (0/6) D:8
    Orc: D:9-12

Altars:
Ashenzari
Dithmenos
Elyvilon
Fedhas
Gozag
Hepliaklqana
Kikubaaqudgha
Makhleb
Nemelex Xobeh
Okawaru
Qazlal
Sif Muna
Trog
Vehumet
Xom
Yredelemnul
Zin

Shops:
D:5 ?


Innate Abilities, Weirdness & Mutations

You are partially covered in molten scales. (AC +2)
You are partially covered in rugged brown scales. (AC +1, +3% HP)
Your body sometimes deteriorates upon taking damage.
You regenerate slowly when monsters are visible.


Message History

Nothing appears to happen.
The orc sorcerer mumbles some strange words.
The orc sorcerer shimmers violently.
The orc sorcerer hits you but does no damage.
Casting: Call Imp
Confirm with . or Enter, or press ? or * to list all spells.
A beastly little devil appears in a puff of flame.
The orc sorcerer mumbles some strange words.
The orc sorcerer's hands start to glow.
The orc sorcerer closely misses you.
Casting: Call Imp
Confirm with . or Enter, or press ? or * to list all spells.
Aiming: Throw Flame
Press: ? - help, Shift-Dir - straight line, f/p - orc sorcerer
Aim: an orc sorcerer, wielding a war axe and wearing a ring mail (heavily wounded)
The puff of flame misses the orc sorcerer.
The orc sorcerer casts a spell at you. The bolt of negative energy hits you!
You feel drained.
Ouch! That really hurt!
You die...

#≈≈≈≈≈# #. #≈≈≈≈≈#
#. #≈≈≈≈≈######.
#≈≈≈≈≈≈.#....
######.≈≈≈≈≈.#....
#......≈≈≈≈≈.#++##
###......≈≈≈≈≈.#...)
#..............+)...
#∩.@o..........+..⌠)
#..............+....
###.5....≈≈≈≈≈.#....
#......≈≈≈≈≈.#++##
######.≈≈≈≈≈.#
#≈≈≈≈≈≈.# #≈≈≈≈≈###
#≈≈≈≈≈#


You could see an orc sorcerer and a friendly crimson imp.

Vanquished Creatures
  Maurice (D:10)
  Joseph (D:7)
  A hornet (D:9)
  A hippogriff (D:7)
  A yak (D:8)
  A basilisk (D:8)
  Menkaure (D:7)
  4 porcupines (D:8)
  3 ice beasts
  2 orc warriors
  2 sky beasts
  2 black bears
  3 ogres
  3 phantoms
  A necrophage (D:6)
  2 centaurs
  2 crocodiles (D:8)
  2 big kobolds
  A bullfrog (D:6)
  A scorpion (D:6)
  4 killer bees (D:9)
  4 electric eels
  7 crimson imps
  2 bullfrog skeletons
  5 orc priests
  5 jellies
  Crazy Yiuf (D:3)
  5 hounds
  Ijyb (D:3)
  2 iguanas
  8 orc wizards
  6 worker ants
  6 gnolls
  17 adders
  2 river rats (D:8)
  2 shadow imps
  2 adder skeletons
  3 worms (D:2)
  A dart slug (D:3)
  7 leopard geckos
  38 orcs
  9 bats
  4 giant cockroaches
  11 goblins
  8 hobgoblins
  7 jackals
  A quokka (D:7)
  A frilled lizard (D:1)
  A jackal skeleton (D:4)
  18 kobolds
  A quokka skeleton (D:7)
  4 rats
  A fungus (D:3)
229 creatures vanquished.

Vanquished Creatures (others)
  An ogre (D:7)
  A quokka (D:7)
  4 plants (D:8)
6 creatures vanquished.

Grand Total: 235 creatures vanquished

Notes
Turn   | Place    | Note
-------+----------+-------------------------------------------
     0 | D:1      | StormySan the Deep Elf Wizard began the quest for the Orb.
     0 | D:1      | Reached XP level 1. HP: 10/10 MP: 7/7
   417 | D:1      | Reached XP level 2. HP: 15/15 MP: 6/9
  1082 | D:1      | Reached skill level 5 in Spellcasting
  1301 | D:2      | Found a faded altar of an unknown god.
  1308 | D:2      | Reached XP level 3. HP: 19/19 MP: 3/11
  1681 | D:2      | Learned a level 3 spell: Mephitic Cloud
  1685 | D:2      | Learned a level 3 spell: Conjure Flame
  1688 | D:2      | Learned a level 2 spell: Call Imp
  1691 | D:2      | Learned a level 2 spell: Blink
  1732 | D:2      | Reached XP level 4. HP: 20/24 MP: 2/13
  1816 | D:2      | Found a burning altar of Makhleb.
  1912 | D:2      | Found an ancient bone altar of Kikubaaqudgha.
  2533 | D:3      | Reached skill level 6 in Spellcasting
  2766 | D:3      | Noticed Ijyb
  2781 | D:3      | Killed Ijyb
  2781 | D:3      | Reached XP level 5. HP: 28/28 MP: 1/15
  3185 | D:3      | Found a runed door.
  3189 | D:3      | Noticed Crazy Yiuf
  3195 | D:3      | Killed Crazy Yiuf
  3425 | D:4      | Found a staircase to the Ecumenical Temple.
  3434 | Temple   | Entered the Ecumenical Temple
  3447 | Temple   | Became a worshipper of Vehumet
  3719 | D:4      | Noticed an ogre
  3730 | D:4      | Killed an ogre
  3730 | D:4      | Reached skill level 7 in Spellcasting
  3730 | D:4      | Reached XP level 6. HP: 32/32 MP: 4/18
  4434 | D:4      | Reached skill level 1 in Poison Magic
  4476 | D:5      | Entered Level 5 of the Dungeon
  4698 | D:5      | Reached * piety under Vehumet
  4698 | D:5      | Offered knowledge of Sting by Vehumet.
  4698 | D:5      | Reached XP level 7. HP: 36/36 MP: 12/20
  4817 | D:5      | Noticed a fire elemental
  4822 | D:5      | Reached skill level 8 in Spellcasting
  4839 | D:5      | Found a stormy altar of Qazlal.
  4842 | D:5      | Noticed a water elemental
  4842 | D:5      | Noticed an air elemental
  4849 | D:5      | Found Zuzxot's Magic Scroll Boutique.
  4918 | D:5      | Found a shimmering altar of Xom.
  4918 | D:5      | Found a shattered altar of Ashenzari.
  4918 | D:5      | Found a deep blue altar of Sif Muna.
  5823 | D:6      | Reached skill level 9 in Spellcasting
  5930 | D:6      | Reached skill level 5 in Conjurations
  6023 | D:6      | Reached skill level 1 in Air Magic
  6023 | D:6      | Reached XP level 8. HP: 42/42 MP: 9/23
  6325 | D:6      | Offered knowledge of Throw Flame by Vehumet.
  6329 | D:6      | Learned a level 2 spell: Throw Flame
  6333 | D:6      | Reached ** piety under Vehumet
  6333 | D:6      | Reached skill level 10 in Spellcasting
  6516 | D:7      | Noticed a hippogriff
  6528 | D:7      | Killed a hippogriff
  6528 | D:7      | Reached skill level 1 in Fire Magic
  6642 | D:7      | Noticed Joseph
  6806 | D:7      | Killed Joseph
  6806 | D:7      | Reached skill level 11 in Spellcasting
  7019 | D:7      | Reached XP level 9. HP: 46/46 MP: 18/26
  7068 | D:7      | Found a white marble altar of Elyvilon.
  7410 | D:7      | Noticed Menkaure
  7438 | D:7      | Killed Menkaure
  8080 | D:8      | Offered knowledge of Inner Flame by Vehumet.
  8087 | D:8      | Reached skill level 12 in Spellcasting
  8127 | D:7      | Learned a level 3 spell: Inner Flame
  8249 | D:8      | Found a staircase to the Lair.
  8318 | D:8      | Reached *** piety under Vehumet
  8599 | D:8      | Reached skill level 1 in Staves
  8737 | D:8      | Reached skill level 1 in Fighting
  8883 | D:8      | Reached XP level 10. HP: 52/52 MP: 18/28
  9204 | D:9      | Reached skill level 5 in Fire Magic
  9208 | D:9      | Offered knowledge of Olgreb's Toxic Radiance by Vehumet.
  9214 | D:9      | Learned a level 4 spell: Olgreb's Toxic Radiance
  9475 | D:9      | Gained mutation: You regenerate slowly when monsters are visible. [mutagenic meat]
  9476 | D:9      | Gained mutation: You are partially covered in rugged brown scales. (AC +1, +3% HP) [mutagenic meat]
  9477 | D:9      | Gained mutation: Your body sometimes deteriorates upon taking damage. [mutagenic meat]
  9478 | D:9      | Gained mutation: You are partially covered in molten scales. (AC +2) [mutagenic meat]
  9506 | D:9      | Reached skill level 13 in Spellcasting
  9980 | D:9      | Found an iron altar of Okawaru.
 10225 | D:9      | Reached **** piety under Vehumet
 10230 | D:9      | Offered knowledge of Force Lance by Vehumet.
 10699 | D:10     | Entered Level 10 of the Dungeon
 10721 | D:10     | Noticed Maurice
 10808 | D:10     | Killed Maurice
 10874 | D:10     | Found a flagged portal.
 10882 | Bailey   | Entered a bailey
 11020 | Bailey   | Reached skill level 5 in Dodging
 11182 | Bailey   | Noticed an orc knight
 11183 | Bailey   | Noticed an orc sorcerer
 11329 | Bailey   | Paralysed by an orc sorcerer for 7 turns
 11338 | Bailey   | Killed from afar by an orc sorcerer

Skill      XL: |  1  2  3  4  5  6  7  8  9 10 |
---------------+-------------------------------+-----
Spellcasting   | 5 6 7 9 11 12 13 | 13.3
Dodging        | 3 4 5 |  5.0
Conjurations   | 2 3 5 6 8 9 |  9.0
Stealth        | 3 4 |  4.8
Poison Magic   | 1 2 |  2.1
Air Magic      | 1 2 |  2.3
Fire Magic     | 1 4 6 |  6.2
Staves         | 1 2 |  2.1
Fighting       | 1 |  1.2
Polearms       | |  0.5
Unarmed Combat | |  0.1
Summonings     | |  1.1
Translocations | |  1.1

Action                   |  1- 3 |  4- 6 |  7- 9 | 10-12 || total
-------------------------+-------+-------+-------+-------++-------
Melee: Unarmed           |    19 |       |       |       ||    19
       Spear             |     5 |    15 |       |       ||    20
       Quarterstaff      |       |     9 |    21 |    20 ||    50
 Cast: Magic Dart        |    75 |   149 |   157 |    18 ||   399
       Mephitic Cloud    |       |     7 |     9 |    11 ||    27
       Throw Flame       |       |       |   166 |   156 ||   322
       Call Imp          |       |       |       |     1 ||     1
  Use: Scroll            |       |     1 |       |     9 ||    10
       Potion            |       |       |     1 |     2 ||     3
  Eat: Bread ration      |     1 |     1 |     1 |     2 ||     5
       Chunk             |       |     1 |       |     5 ||     6
       Beef jerky        |       |     2 |     6 |       ||     8
       Pizza             |       |     1 |       |       ||     1
Armor: Robe              |     7 |    11 |    17 |    20 ||    55
       Skin              |       |       |     2 |       ||     2
Dodge: Dodged            |    23 |    26 |    65 |    30 ||   144
